 Dungeon Crawl Stone Soup version 0.18-a0-1794-g139b600 (webtiles) character file.

2545 Laan the Spear-Bearer (level 9, -29/66 HPs)
             Began as a Demonspawn Fighter on Apr 22, 2016.
             Was a High Priest of Okawaru.
             Annihilated by an orc knight
             ... wielding a +0 war axe
              (32 damage)
             ... in a bailey.
             The game lasted 00:26:00 (5918 turns).

Laan the Spear-Bearer (Demonspawn Fighter)          Turns: 5918, Time: 00:26:01

Health: -29/66     AC: 14    Str: 20    XL:     9   Next: 30%
Magic:  8/9        EV:  1    Int:  9    God:    Okawaru [*****.]
Gold:   483        SH: 15    Dex: 13    Spells: 0 memorised, 8 levels left

rFire  . . .     SeeInvis .     d - +4 trident (freeze)
rCold  . . .     Gourm    .     p - +0 plate armour
rNeg   . . .     Faith    .     j - +1 large shield
rPois  .         Spirit   .     (helmet restricted)
rElec  .         Dismiss  .     v - +0 cloak
rCorr  .         Reflect  .     (no gloves)
SustAt .         Harm     .     D - +0 pair of boots
MR     .....                    (no amulet)
Stlth  ..........               (no ring)
                                (no ring)

@: not resistant to hostile enchantments, extremely unstealthy
A: antennae 2, claws 2, talons 2, powered by death 1
a: Heroism, Finesse, Renounce Religion


You were in a bailey.
You worshipped Okawaru.
Okawaru was extremely pleased with you.
You were not hungry.

You visited 1 branch of the dungeon, and saw 7 of its levels.
You also visited: Sewer and Bailey.

You collected 483 gold pieces.

Inventory:

Hand Weapons
 d - a +4 trident of freezing (weapon)
Armour
 j - a +1 large shield (worn)
 p - a +0 plate armour (worn)
 v - a +0 cloak (worn)
 D - a +0 pair of boots (worn)
Jewellery
 y - an uncursed ring of fire
 G - an uncursed ring of ice
Wands
 s - a wand of flame (24/48)
 t - a wand of lightning (9/15)
Scrolls
 a - a scroll of magic mapping
 c - 2 scrolls of summoning {unknown}
 e - a scroll of fog
 i - 10 scrolls of remove curse
 l - a scroll of enchant weapon
 o - 2 scrolls of amnesia {unknown}
 r - 5 scrolls of identify
 u - 2 scrolls of fear
 x - a scroll of teleportation
 B - 2 scrolls of blinking {unknown}
Potions
 h - a potion of lignification {unknown}
 m - a potion of ambrosia {unknown}
 n - 8 potions of curing
 q - 2 potions of degeneration {unknown}
 w - a potion of brilliance {unknown}
 z - 4 potions of flight {unknown}
 A - a potion of heal wounds
 F - a potion of agility {unknown}
Books
 C - a book of Spatial Translocations

   Spells                             Type                      Level
   a - Apportation                    Translocation                1
   b - Blink                          Translocation                2
   c - Shroud of Golubria             Charms/Translocation         2
   d - Portal Projectile              Translocation                3
   e - Teleport Other                 Translocation                3
   f - Passage of Golubria            Translocation                4
 E - a book of the Earth

   Spells                             Type                      Level
   a - Leda's Liquefaction            Hexes/Earth                  4
   b - Bolt of Magma                  Conjuration/Fire/Earth       5
   c - Statue Form                    Transmutation/Earth          6
   d - Iron Shot                      Conjuration/Earth            6
   e - Shatter                        Earth                        9
Comestibles
 b - a slice of pizza
 f - 9 bread rations
 g - a beef jerky
 k - 5 meat rations
 H - 2 chunks of flesh


   Skills:
 + Level 4.4 Fighting
 + Level 10.4 Polearms
 + Level 4.0 Armour
 + Level 3.9 Shields


You had 8 spell levels left.
You didn't know any spells.

Dungeon Overview and Level Annotations

Branches:
Dungeon (7/15)             Temple (0/1) D:4

Altars:
Cheibriados
Gozag
Makhleb
Okawaru
Pakellas
Xom
Yredelemnul
Zin

Annotations:
Bailey Murumi's ghost, novice FoFi


Innate Abilities, Weirdness & Mutations

You have a pair of antennae on your head.
You have very sharp fingernails.
You have razor-sharp toenails.
You regenerate a little health from kills.


Message History

The orc knight is heavily wounded.
The orc warlord roars a battlecry!
The orc knight goes into a battle-frenzy!
Your plate armour prevents you from hitting the orc knight.
The orc knight is heavily wounded.
You feel like a meek peon again.
The orc warrior hits you but does no damage.
You block the orc knight's attack.
You puncture the orc knight! You freeze the orc knight.
The orc knight is heavily wounded.
The orc warrior hits you with a war axe!
You block the orc knight's attack.
Your shield and plate armour prevent you from hitting the orc knight.
The orc knight is heavily wounded.
You puncture the orc knight! You freeze the orc knight.
The orc knight is almost dead.
The orc warrior hits you with a war axe!!
* * * LOW HITPOINT WARNING * * *
The orc knight hits you with a war axe!!
You die...

#.......#
##.......##
#.........#
##.........##
#.....⌠.....# 8
##.........##
..g{{#.........#
..ggg##o......##
.gooooo@......#
..Wggg##.....##
.⌠.gg{{#######
...g{{ ... .. .


You could see an orc warlord, an orc knight, 4 orc warriors, Murumi's ghost, 2
gnolls, 5 hobgoblins and 4 goblins.

Vanquished Creatures
  Pikel (D:7)
  Grinder (D:5)
  A sky beast (D:7)
  2 orc warriors (Bailey)
  An ice beast (D:6)
  2 ogres
  A phantom (D:4)
  A centaur (D:7)
  Blork the orc (D:5)
  3 big kobolds (Sewer)
  A giant frog (D:6)
  A scorpion (D:7)
  2 crimson imps (D:5)
  3 hounds
  An orc priest (D:7)
  Crazy Yiuf (D:6)
  5 orc wizards
  2 iguanas
  2 worker ants
  Robin (D:4)
  A worker ant zombie (D:6)
  6 gnolls
  A howler monkey skeleton (D:4)
  8 adders
  2 river rats (D:4)
  A shadow imp (D:7)
  2 oozes (Sewer)
  3 adder zombies
  5 worms
  A dart slug (D:1)
  5 giant geckos
  26 orcs
  6 giant cockroaches
  31 goblins
  20 hobgoblins
  4 jackals (D:5)
  10 kobolds
  3 quokkas
  5 ball pythons
  9 bats
  A giant gecko skeleton (D:7)
  7 giant newts
  A quokka skeleton (D:6)
  12 rats
  A fungus (D:6)
204 creatures vanquished.

Vanquished Creatures (others)
  A slave (D:7)
  A worker ant (D:7)
2 creatures vanquished.

Grand Total: 206 creatures vanquished

Notes
Turn   | Place    | Note
--------------------------------------------------------------
     0 | D:1      | Laan the Demonspawn Fighter began the quest for the Orb.
     0 | D:1      | Reached XP level 1. HP: 18/18 MP: 1/1
    23 | D:1      | Reached skill level 2 in Polearms
    80 | D:1      | Gained mutation: You have sharp toenails. [demonic ancestry]
    80 | D:1      | Reached XP level 2. HP: 18/24 MP: 2/2
   477 | D:1      | Reached skill level 3 in Polearms
   744 | D:2      | Found an iron altar of Okawaru.
   785 | D:2      | Became a worshipper of Warmaster Okawaru
   813 | D:2      | Reached XP level 3. HP: 29/29 MP: 3/3
  1150 | D:2      | Found an opulent altar of Gozag.
  1289 | D:2      | Found a basalt altar of Yredelemnul.
  1500 | D:2      | Found a shimmering altar of Xom.
  1568 | D:3      | Found an oddly glowing altar of Pakellas.
  1597 | D:3      | Gained mutation: You regenerate a little health from kills. [demonic ancestry]
  1597 | D:3      | Reached XP level 4. HP: 35/35 MP: 4/4
  1599 | D:3      | Reached skill level 4 in Polearms
  2194 | D:4      | Noticed Robin
  2230 | D:4      | Killed Robin
  2340 | D:4      | Noticed a phantom
  2466 | D:4      | Gained mutation: You have razor-sharp toenails. [demonic ancestry]
  2466 | D:4      | Reached XP level 5. HP: 21/41 MP: 5/5
  2492 | D:4      | Reached skill level 5 in Polearms
  2510 | D:4      | Killed a phantom
  2510 | D:4      | Reached * piety under Okawaru
  2643 | D:4      | Gained mutation: You have a pair of small antennae on your head. [demonic ancestry]
  2643 | D:4      | Reached XP level 6. HP: 43/47 MP: 6/6
  2748 | D:4      | Found a glowing drain.
  2752 | Sewer    | Entered a sewer
  2870 | Sewer    | Reached skill level 6 in Polearms
  3111 | Sewer    | Reached ** piety under Okawaru
  3111 | Sewer    | Reached skill level 7 in Polearms
  3111 | Sewer    | Gained mutation: You have sharp fingernails. [demonic ancestry]
  3111 | Sewer    | Reached XP level 7. HP: 52/52 MP: 7/7
  3590 | D:4      | Found a staircase to the Ecumenical Temple.
  3641 | D:4      | Found a glowing silver altar of Zin.
  3680 | D:5      | Entered Level 5 of the Dungeon
  3693 | D:5      | Noticed Blork the orc
  3719 | D:5      | Killed Blork the orc
  3763 | D:5      | Found a snail-covered altar of Cheibriados.
  3847 | D:5      | Reached skill level 8 in Polearms
  4099 | D:5      | Noticed Grinder
  4105 | D:5      | Paralysed by Grinder for 2 turns
  4126 | D:5      | Killed Grinder
  4126 | D:5      | Reached *** piety under Okawaru
  4126 | D:5      | Reached skill level 9 in Polearms
  4126 | D:5      | Gained mutation: You have very sharp fingernails. [demonic ancestry]
  4126 | D:5      | Reached XP level 8. HP: 52/58 MP: 8/8
  4657 | D:6      | Found a burning altar of Makhleb.
  4875 | D:6      | Noticed Crazy Yiuf
  4883 | D:6      | Killed Crazy Yiuf
  4980 | D:6      | Reached **** piety under Okawaru
  4980 | D:6      | Reached skill level 10 in Polearms
  5467 | D:7      | Noticed Pikel
  5481 | D:7      | Killed Pikel
  5481 | D:7      | Reached ***** piety under Okawaru
  5481 | D:7      | Gained mutation: You have a pair of antennae on your head. [demonic ancestry]
  5481 | D:7      | Reached XP level 9. HP: 26/65 MP: 9/9
  5657 | D:7      | Found a flagged portal.
  5662 | Bailey   | Entered a bailey
  5888 | Bailey   | Noticed an orc knight
  5897 | Bailey   | Noticed Murumi's ghost (novice FoFi)
  5905 | Bailey   | Noticed an orc warlord
  5918 | Bailey   | HP: 3/66 [orc warrior/war axe (29)]
  5918 | Bailey   | Annihilated by an orc knight

Vault maps used:
D:1:      tarquinn_simple_flora_water_d
D:2:      okawaru_trees_2, nicolae_gozag_cash_rules_everything_around_me,
          lemuel_doored_altar, lemuel_coloured_pillars_altar, roderic_lattice_a,
          kennysheep_cross_room
D:3:      grunt_pakellas_salt, first_bread
D:4:      kennysheep_little_box, minmay_temple_entry_poolview,
          gup_sewer_entry_spiral, abandoned_shop, kennysheep_minor_cross,
          uniq_robin
D:5:      overflow_temple_1_default, uniq_blork_the_orc, uniq_grinder
D:6:      minmay_klotski, makhleb_heckhound_becter, uniq_crazy_yiuf_cottage
D:7:      enter_bailey_3, small_statue_intersection, uniq_pikel
Sewer:    sewer_co_15_rooms
Bailey:   bailey_axe_minmay_hex_keep, bailey

Skill      XL: |  1  2  3  4  5  6  7  8  9 |
---------------+----------------------------+-----
Polearms       | 2 3 4 5 7 9 10 | 10.4
Armour         | 3 4 |  4.0
Shields        | 3 |  3.9
Fighting       | 4 |  4.4

Action                   |  1- 3 |  4- 6 |  7- 9 || total
-------------------------+-------+-------+-------++-------
Melee: Trident           |   196 |   364 |   435 ||   995
       Kick              |    30 |    84 |    22 ||   136
Invok: Heroism           |       |       |     1 ||     1
  Use: Potion            |     1 |       |     1 ||     2
       Scroll            |       |       |    12 ||    12
  Eat: Chunk             |     2 |     6 |     9 ||    17
       Beef jerky        |       |       |     1 ||     1
Armor: Scale mail        |    13 |       |       ||    13
       Chain mail        |    42 |       |       ||    42
       Plate armour      |    62 |   131 |   190 ||   383
Dodge: Dodged            |    13 |     6 |    10 ||    29
Block: Shield            |    19 |       |       ||    19
       Large shield      |   113 |   209 |   268 ||   590
